AoeStats
← TuCAAA :D

Glade

510567106Analyzed
1v1 RM · 2d ago on Oct 1, 2026· 50m 54s· 2 players
Game mode
Random Map
Map size
Tiny (2 player)
Population
200
Speed
Normal
Resources
Standard
Victory
Conquest
Starting age
Dark Age
Ending age
Imperial Age
RankedLock teamsTeams togetherTeam positionsShared explorationLock speedFull tech treeHidden civsTurbo modeCheats
Victory
Defeat
🇦🇷 Britons · Argentina
1125
+16
🇬🇷 Ethiopians · Greece
1129
-16
TuCAAA :D
9:56 Feudal Age
11:18 Loom
14:18 Castle Age
13:03 Double-Bit Axe
13:30 Horse Collar
19:26 Fletching
25:40 Padded Archer Armor
29:39 Bow Saw
31:37 Wheelbarrow
31:49 Bodkin Arrow
35:33 Imperial Age
33:17 Gold Mining
33:19 Stone Mining
34:12 Leather Archer Armor
35:19 Yeomen
35:57 Ballistics
36:17 Hand Cart
35:48 Town Watch
37:16 Chemistry
37:00 Conscription
37:12 Bracer
38:13 Ring Archer Armor
37:48 Heavy Plow
40:21 Siege Engineers
40:12 Murder Holes
41:57 Forging
41:47 Scale Mail Armor
41:53 Scale Barding Armor
42:27 Gold Shaft Mining
42:54 Two-Man Saw
43:31 Masonry
44:08 Town Patrol
44:25 Chain Mail Armor
44:46 Iron Casting
44:31 Chain Barding Armor
44:52 Architecture
44:19 Elite Longbowman
Goose
5:21 Loom
10:37 Feudal Age
14:37 Castle Age
13:03 Double-Bit Axe
13:51 Horse Collar
14:47 Fletching
15:40 Bodkin Arrow
18:59 Bow Saw
19:23 Town Watch
23:25 Gold Mining
30:01 Scale Barding Armor
30:51 Wheelbarrow
30:38 Forging
31:07 Chain Barding Armor
32:11 Forging
33:33 Husbandry
34:02 Heavy Plow
35:38 Elite Skirmisher
46:08 Imperial Age
46:49 Imperial Age
44:39 Hand Cart
46:56 Onager
48:18 Padded Archer Armor
48:31 Bracer
48:04 Capped Ram
Connection lost

Rejoining the realm…

Still unreachable

The connection could not be restored.

Session expired

The server has moved on; the page needs a fresh start.